[Event "Titled Tuesday Blitz February 21 Early 2023"]
[White "Bharath Subramaniyam H"]
[Black "Tan, Jun Ying"]
[WhiteFideId "46634827"]
[BlackFideId "5710413"]
[WhiteElo "2517"]
[BlackElo "2307"]
[Result "1-0"]
[Round "06"]
[TimeControl "180+2"]
[Date "2023.02.21"]
[WhiteClock "0:01:42"]
[BlackClock "0:00:09"]

1. c4 c6 2. d4 d5 3. cxd5 cxd5 4. Nf3 Nc6 5. Nc3 Nf6 6. Bf4 a6 7. e3 e6 8. Bd3 Bd6 9. Bg3 O-O 10. Rc1 Qe7 11. O-O Bxg3 12. hxg3 Bd7 13. Bb1 Rfc8 14. Na4 Nb4 15. Nb6 Rxc1 16. Qxc1 Re8 17. a3 Nc6 18. Qc5 Qxc5 19. dxc5 e5 20. Rd1 Be6 21. b4 Rd8 22. Ng5 h6 23. Nxe6 fxe6 24. e4 Nxe4 25. Bxe4 dxe4 26. Rxd8+ Nxd8 27. Nc4 Nf7 28. Kf1 Kf8 29. Ke2 Ke7 30. Ke3 Ng5 31. Nxe5 Kf6 32. Nc4 e5 33. Na5 Kf5 34. Nxb7 Nf7 35. Nd6+ 1-0


[Site "https://www.chess.com"]

[Event "Titled Tuesday Blitz February 21 Early 2023"]
[White "Madaminov, Mukhiddin"]
[Black "Aldokhin, Ivan"]
[WhiteFideId "14210703"]
[BlackFideId "24115720"]
[WhiteElo "2422"]
[BlackElo "2413"]
[Result "1-0"]
[Round "06"]
[TimeControl "180+2"]
[Date "2023.02.21"]
[WhiteClock "0:02:10"]
[BlackClock "0:00:25"]

1. d4 Nf6 2. Nc3 d5 3. Bf4 c6 4. e3 Bf5 5. f3 e6 6. g4 Bg6 7. h4 h5 8. g5 Ng8 9. Bd3 Ne7 10. e4 dxe4 11. fxe4 Qxd4 12. Nb5 cxb5 13. Bxb5+ Qd7 14. Bxd7+ Nxd7 15. Qe2 Nc6 16. O-O-O O-O-O 17. Nf3 Be7 18. Rd3 Nc5 19. Rc3 Bxe4 20. Re1 Rd5 21. Rxc5 Bxf3 22. Rxc6+ bxc6 23. Qxf3 Rhd8 24. Qxh5 g6 25. Qe2 Kb7 26. c3 Bc5 27. Kc2 e5 28. Be3 Bf8 29. Rf1 R8d7 30. b4 a5 31. a3 a4 32. h5 gxh5 33. g6 1-0


[Site "https://www.chess.com"]

[Event "Titled Tuesday Blitz February 21 Early 2023"]
[White "Sanal, Vahap"]
[Black "Skvortsov, Andrei"]
[WhiteFideId "6300545"]
[BlackFideId "24108600"]
[WhiteElo "2600"]
[BlackElo "2313"]
[Result "1-0"]
[Round "06"]
[TimeControl "180+2"]
[Date "2023.02.21"]
[WhiteClock "0:00:35"]
[BlackClock "0:00:02"]

1. e4 d5 2. exd5 Qxd5 3. Nc3 Qe5+ 4. Be2 Bg4 5. d4 Bxe2 6. Ngxe2 Qa5 7. O-O Nf6 8. Qd3 e6 9. Bf4 Nc6 10. Rad1 O-O-O 11. a3 Bd6 12. Bxd6 Rxd6 13. Nb5 Rd7 14. b4 Qb6 15. c4 a6 16. Nbc3 Ne5 17. Qg3 Ng6 18. c5 Qc6 19. a4 Ne4 20. Qe3 Nxc3 21. Nxc3 Nh4 22. Qg5 Qxg2+ 23. Qxg2 Nxg2 24. Kxg2 Rhd8 25. Ne2 e5 26. Rd3 exd4 27. Rfd1 Re8 28. Rxd4 Rxd4 29. Nxd4 Re4 30. b5 axb5 31. axb5 g6 32. b6 cxb6 33. cxb6 Re5 34. Rc1+ Kd8 35. Rc7 Rd5 36. Nf3 Rd7 37. Rc4 f6 38. h4 Rd6 39. Rb4 Kd7 40. Nd4 Rd5 41. Rc4 Kd6 42. Ne2 Rc5 43. Rf4 f5 44. Rd4+ Kc6 45. Rb4 Re5 46. Rb2 Re4 47. h5 gxh5 48. Ng3 Rg4 49. Kf3 h4 50. Nxf5 Rg5 51. Nxh4 Rb5 52. Rc2+ Kxb6 53. Kg4 Rc5 54. Rb2+ Kc7 55. f4 Rc4 56. Nf3 Ra4 57. Ne5 h6 58. Kf5 b6 59. Ng6 Rc4 60. Ke5 Rc5+ 61. Ke4 Ra5 62. f5 b5 63. f6 Ra4+ 64. Ke5 Ra1 65. f7 1-0


[Site "https://www.chess.com"]

[Event "Titled Tuesday Blitz February 21 Early 2023"]
[White "Skliarov, Viktor"]
[Black "Narayanan, Srinath"]
[WhiteFideId "14106736"]
[BlackFideId "5018420"]
[WhiteElo "2383"]
[BlackElo "2559"]
[Result "1-0"]
[Round "06"]
[TimeControl "180+2"]
[Date "2023.02.21"]
[WhiteClock "0:01:51"]
[BlackClock "0:01:36"]

1. e4 c6 2. d4 d5 3. e5 c5 4. dxc5 e6 5. a3 Bxc5 6. b4 Be7 7. Qg4 g5 8. h4 h5 9. Qg3 g4 10. Bb2 Nc6 11. Bd3 Qb6 12. Ne2 Bd7 13. Nd2 Nh6 14. c4 a5 15. cxd5 Nd8 16. Bd4 Qc7 17. d6 Qc6 18. dxe7 Kxe7 19. Bc5+ Ke8 20. Ne4 Nf5 21. Nf6# 1-0


[Site "https://www.chess.com"]

[Event "Titled Tuesday Blitz February 21 Early 2023"]
[White "Grigoriants, Sergey"]
[Black "Stijve, Theo"]
[WhiteFideId "4130804"]
[BlackFideId "1331132"]
[WhiteElo "2562"]
[BlackElo "2351"]
[Result "1-0"]
[Round "06"]
[TimeControl "180+2"]
[Date "2023.02.21"]
[WhiteClock "0:00:37"]
[BlackClock "0:00:12"]

1. d4 Nf6 2. c4 e6 3. g3 d5 4. Bg2 Be7 5. Nf3 O-O 6. O-O dxc4 7. Qc2 b6 8. Nbd2 Bb7 9. Nxc4 Nbd7 10. Rd1 c5 11. dxc5 Bxc5 12. Bg5 Qe7 13. a3 Rac8 14. Qd3 Ba6 15. Rac1 Rfd8 16. b4 Ne5 17. Nfxe5 Rxd3 18. Rxd3 Bxb4 19. axb4 Qxb4 20. Nc6 Qf8 21. Bxf6 gxf6 22. Rd7 Bxc4 23. Rxc4 Re8 24. Rxa7 f5 25. h3 Qd6 26. Rd4 Qc5 27. Rdd7 Qc1+ 28. Kh2 Rf8 29. Ne5 Qe1 30. f4 Qxe2 31. Nxf7 Rxf7 32. Rxf7 b5 33. Rfb7 1-0


[Site "https://www.chess.com"]

[Event "Titled Tuesday Blitz February 21 Early 2023"]
[White "Jakubowski, Krzysztof"]
[Black "Ivic, Velimir"]
[WhiteFideId "1112848"]
[BlackFideId "950122"]
[WhiteElo "2486"]
[BlackElo "2595"]
[Result "1-0"]
[Round "06"]
[TimeControl "180+2"]
[Date "2023.02.21"]
[WhiteClock "0:00:07"]
[BlackClock "0:00:01"]

1. e4 c5 2. Nf3 d6 3. d4 cxd4 4. Nxd4 Nf6 5. Nc3 a6 6. Be3 e6 7. Be2 Be7 8. a3 Qc7 9. g4 h6 10. Qd2 Nc6 11. f4 Nxd4 12. Bxd4 e5 13. Be3 Bxg4 14. Bxg4 Nxg4 15. O-O-O Nxe3 16. Qxe3 exf4 17. Nd5 Qxc2+ 18. Kxc2 fxe3 19. Nc7+ Kd7 20. Nxa8 Rxa8 21. Kd3 Bf6 22. b3 Be5 23. h4 Rc8 24. Rc1 Rxc1 25. Rxc1 g5 26. h5 Bf4 27. Ke2 d5 28. exd5 f5 29. a4 Kd6 30. Rd1 g4 31. Rf1 g3 32. Kf3 Bg5 33. Kxg3 Kxd5 34. Kf3 Kd4 35. Rd1+ Kc3 36. Rd7 b5 37. a5 Kb4 38. Rd5 Kxa5 39. Rxf5 Be7 40. Re5 Bb4 41. Re6 1-0


[Site "https://www.chess.com"]

[Event "Titled Tuesday Blitz February 21 Early 2023"]
[White "Budisavljevic, Luka"]
[Black "Rakhmanov, Aleksandr"]
[WhiteFideId "960047"]
[BlackFideId "4173708"]
[WhiteElo "2488"]
[BlackElo "2632"]
[Result "0-1"]
[Round "06"]
[TimeControl "180+2"]
[Date "2023.02.21"]
[WhiteClock "0:00:28"]
[BlackClock "0:00:09"]

1. d4 Nf6 2. Nf3 g6 3. Bf4 Bg7 4. e3 d5 5. Be2 c5 6. c3 Nbd7 7. h3 O-O 8. Nbd2 b6 9. a4 a6 10. O-O Bb7 11. Ne5 Nxe5 12. Bxe5 e6 13. Bf3 Qe7 14. Qb3 Nd7 15. Bxg7 Kxg7 16. Qa3 Rfe8 17. c4 cxd4 18. exd4 Qf6 19. cxd5 exd5 20. Rfe1 Qxd4 21. Qd6 Ne5 22. Red1 Rac8 23. Be2 Qc5 24. Qxc5 bxc5 25. Nb3 Re6 26. Na5 Ba8 27. Rac1 Rb6 28. Rd2 h5 29. Rdc2 c4 30. b3 Rc5 31. f4 Rxa5 32. fxe5 cxb3 33. Rb2 Rxa4 34. Rcb1 Rab4 35. Bd1 f6 36. exf6+ Kxf6 37. Ra1 Bc6 38. Kf2 h4 39. Ke3 g5 40. Kd3 Ke5 41. Bf3 Rd4+ 42. Kc3 Rc4+ 43. Kd3 Ba4 44. Re1+ Kd6 45. Rd1 Rc2 46. Rbb1 b2 47. Ke3 Rb3+ 48. Kd4 Rc4# 0-1


[Site "https://www.chess.com"]

[Event "Titled Tuesday Blitz February 21 Early 2023"]
[White "Stribuk, Artiom"]
[Black "Aggelis, Nikolaos"]
[WhiteFideId "13515659"]
[BlackFideId "4213220"]
[WhiteElo "2378"]
[BlackElo "2270"]
[Result "1-0"]
[Round "06"]
[TimeControl "180+2"]
[Date "2023.02.21"]
[WhiteClock "0:00:21"]
[BlackClock "0:00:13"]

1. d4 Nf6 2. Nf3 g6 3. c4 Bg7 4. g3 O-O 5. Bg2 d5 6. cxd5 Nxd5 7. O-O Nc6 8. Nc3 e5 9. Bg5 f6 10. Bc1 Nxc3 11. bxc3 e4 12. Nd2 f5 13. Ba3 Rf7 14. e3 Bf8 15. Bxf8 Qxf8 16. f3 exf3 17. Qxf3 Bd7 18. e4 fxe4 19. Qxf7+ Qxf7 20. Rxf7 Kxf7 21. Nxe4 Re8 22. Nc5 Bc8 23. Rb1 Na5 24. Nxb7 Bf5 25. Rb5 Nc4 26. Rc5 Ne3 27. Rxc7+ Kg8 28. Nd6 Rb8 29. Rb7 Rd8 30. Nxf5 gxf5 31. Re7 Nd1 32. Rc7 Rb8 33. Bd5+ Kh8 34. Bb3 Ne3 35. d5 Rd8 36. c4 a5 37. h3 h5 38. Kf2 f4 39. gxf4 Nf5 40. c5 a4 41. Bc4 Rb8 42. d6 Rb4 43. d7 1-0


[Site "https://www.chess.com"]

[Event "Titled Tuesday Blitz February 21 Early 2023"]
[White "Lymar, Vladislav"]
[Black "Boruchovsky, Avital"]
[WhiteFideId "14162180"]
[BlackFideId "2800055"]
[WhiteElo "2119"]
[BlackElo "2539"]
[Result "0-1"]
[Round "06"]
[TimeControl "180+2"]
[Date "2023.02.21"]
[WhiteClock "0:00:04"]
[BlackClock "0:01:02"]

1. e4 e5 2. Nf3 Nc6 3. g3 Nf6 4. d3 d5 5. exd5 Nxd5 6. Bg2 f6 7. O-O Be7 8. d4 e4 9. Nfd2 e3 10. Bxd5 exf2+ 11. Rxf2 Qxd5 12. c3 O-O 13. Qb3 Be6 14. Qxd5 Bxd5 15. Nf1 Rfe8 16. Bf4 Rac8 17. Nbd2 Bf8 18. b3 Bf7 19. Nf3 b5 20. Rc1 Ba3 21. Rcc2 Bg6 22. Rce2 Ne7 23. c4 c6 24. Re1 Nf5 25. Rfe2 Rxe2 26. Rxe2 Bh5 27. N1d2 bxc4 28. bxc4 Bb4 29. Re4 Rd8 30. Bc7 Rd7 31. g4 Bxg4 32. Rxg4 Rxc7 33. c5 Rd7 34. Nb3 g5 35. Re4 Re7 36. Rxe7 Nxe7 37. Kf2 Kf7 38. Ke3 Ke6 39. Kd3 g4 40. Ng1 Nd5 41. Ne2 f5 42. Nbc1 h5 43. Ng1 h4 44. Kc4 Ba5 45. Nd3 Bc7 46. h3 Bh2 47. hxg4 Bxg1 48. gxf5+ Kxf5 49. Ne5 h3 50. Nxc6 Ne3+ 51. Kd3 h2 52. Ne7+ Ke6 53. Ng6 h1=Q 54. Nf4+ 0-1


[Site "https://www.chess.com"]

[Event "Titled Tuesday Blitz February 21 Early 2023"]
[White "Karttunen, Mika"]
[Black "Ahmadzada, Ahmad"]
[WhiteFideId "502081"]
[BlackFideId "13413007"]
[WhiteElo "2490"]
[BlackElo "2488"]
[Result "0-1"]
[Round "06"]
[TimeControl "180+2"]
[Date "2023.02.21"]
[WhiteClock "0:00:01"]
[BlackClock "0:00:20"]

1. c4 g6 2. Nf3 Bg7 3. g3 Nf6 4. Bg2 O-O 5. Nc3 c5 6. O-O Nc6 7. d3 b6 8. Ne5 Bb7 9. Nxc6 Bxc6 10. Bxc6 dxc6 11. f3 Nd7 12. Kg2 f5 13. h4 h6 14. Bd2 a6 15. Rb1 b5 16. b3 Kh7 17. Qc2 e5 18. e4 f4 19. Rh1 fxg3 20. Ne2 Nf6 21. Nxg3 Ra7 22. Be3 Rd7 23. Rbd1 h5 24. Bxc5 Rff7 25. Be3 Ne8 26. Ne2 Nc7 27. Rh3 Ne6 28. Bf2 Rd6 29. Be3 Rfd7 30. Nc1 Bh6 31. Bxh6 Kxh6 32. Kh1 Nf4 33. Rh2 g5 34. hxg5+ Qxg5 35. Rg1 Qf6 36. c5 Rd4 37. Qd2 Rg7 38. Rxg7 Qxg7 39. Qe3 Qg3 40. a3 Kg5 41. Rf2 h4 42. Ne2 Qh3+ 43. Rh2 Qf1+ 44. Ng1 Rxd3 0-1


[Site "https://www.chess.com"]

[Event "Titled Tuesday Blitz February 21 Early 2023"]
[White "Talibov, Shiroghlan"]
[Black "Alice, Mateus Felizardo Viageiro"]
[WhiteFideId "13429078"]
[BlackFideId "14800047"]
[WhiteElo "2359"]
[BlackElo "2202"]
[Result "1-0"]
[Round "06"]
[TimeControl "180+2"]
[Date "2023.02.21"]
[WhiteClock "0:00:10"]
[BlackClock "0:00:15"]

1. d4 Nf6 2. c4 e6 3. Nf3 d5 4. Bf4 a6 5. c5 a5 6. Nc3 Be7 7. e3 O-O 8. Bd3 b6 9. cxb6 cxb6 10. Ne5 Bb7 11. Rc1 Nc6 12. O-O Rc8 13. Nb5 Nb4 14. a3 Nxd3 15. Qxd3 Ba6 16. a4 Ne4 17. f3 Bxb5 18. axb5 Nd6 19. Rc6 f6 20. Rfc1 fxe5 21. Rxc8 Nxc8 22. Bxe5 Bd6 23. Rc6 Bxe5 24. dxe5 Qe7 25. Qc3 Qd8 26. Rxe6 Ne7 27. Rd6 Qb8 28. Qd4 Nf5 29. Qxd5+ Kh8 30. Rd7 Nxe3 31. Qd4 Nf5 32. Qe4 Qc8 33. Qc6 Qe8 34. e6 Qg6 35. e7 Nxe7 36. Rxe7 Qb1+ 37. Kf2 Qxb2+ 38. Kg3 Rg8 39. Re8 Qf6 40. Rxg8+ Kxg8 41. Qe8+ Qf8 42. Qe6+ Kh8 43. Qxb6 a4 44. Qa7 a3 45. b6 Qd6+ 46. Kh3 h5 47. Qa8+ Kh7 48. Qe4+ g6 49. Qa4 Qe6+ 50. Kg3 a2 51. b7 Qe5+ 52. Kf2 a1=Q 53. Qxa1 Qxa1 54. b8=Q Qd4+ 55. Kg3 h4+ 56. Kh3 g5 57. Qc7+ Kg6 58. Qc8 Kh6 59. Qg4 Qf6 60. f4 Qxf4 61. Qxf4 gxf4 62. Kxh4 Kg6 63. Kg4 f3 64. Kxf3 Kf6 65. Kg3 Kg5 66. h4+ Kh5 67. Kh3 Kg6 68. g4 Kh6 69. h5 1-0


[Site "https://www.chess.com"]

[Event "Titled Tuesday Blitz February 21 Early 2023"]
[White "Nihal Sarin"]
[Black "Martynov, Pavel"]
[WhiteFideId "25092340"]
[BlackFideId "4101260"]
[WhiteElo "2673"]
[BlackElo "2414"]
[Result "1-0"]
[Round "06"]
[TimeControl "180+2"]
[Date "2023.02.21"]
[WhiteClock "0:01:02"]
[BlackClock "0:00:08"]

1. Nf3 d5 2. d4 e6 3. Bf4 c5 4. e3 Nc6 5. c3 Bd6 6. Bg3 Nf6 7. Nbd2 Bxg3 8. hxg3 Qd6 9. Bd3 e5 10. dxc5 Qxc5 11. e4 Be6 12. exd5 Bxd5 13. Qe2 O-O-O 14. Bf5+ Kb8 15. O-O e4 16. Nh2 g6 17. Bh3 Rhe8 18. Nb3 Qc4 19. Rfe1 e3 20. fxe3 Qxe2 21. Rxe2 Bc4 22. Ree1 Ne5 23. Nf3 Nd3 24. Red1 Ne4 25. Nfd4 Nxb2 26. Rdb1 Na4 27. Na5 Ba6 28. Nac6+ Kc7 29. Nxd8 Rxd8 30. c4 Nac3 31. Rb4 f5 32. Ne6+ Kd7 33. Nxd8 Kxd8 34. g4 Ne2+ 35. Kh2 N2g3 36. gxf5 gxf5 37. c5 Kc7 38. Bxf5 1-0


[Site "https://www.chess.com"]

[Event "Titled Tuesday Blitz February 21 Early 2023"]
[White "Ordekalog"]
[Black "Pranav, V"]
[BlackFideId "25060783"]
[WhiteElo "2560"]
[BlackElo "2597"]
[Result "1-0"]
[Round "06"]
[TimeControl "180+2"]
[Date "2023.02.21"]
[WhiteClock "0:00:28"]
[BlackClock "0:00:53"]

1. e4 b6 2. d4 Bb7 3. Bg5 Bxe4 4. Nc3 Bb7 5. Nf3 Nf6 6. Bd3 e6 7. Qe2 Be7 8. O-O-O Nc6 9. h4 Nb4 10. Bc4 h6 11. Bxf6 Bxf6 12. a3 Nc6 13. d5 Bxc3 14. dxc6 Bxb2+ 15. Kxb2 Bxc6 16. Ne5 Qf6 17. Kb1 O-O 18. Nxd7 Bxd7 19. Rxd7 Rad8 20. Rxc7 Qf4 21. Rc6 Rd2 22. Qe3 Rxf2 23. Qxf4 Rxf4 24. Rc7 Rd8 25. Bd3 Ra4 26. Kb2 Rf8 27. h5 Ra5 28. Kb3 Rd8 29. Rf1 f6 30. Bg6 Kf8 31. Rf3 Rb5+ 32. Ka2 Rg5 33. Rxa7 Rxg2 34. Rc3 f5 35. Rcc7 Kg8 36. Rxg7+ Kh8 37. Rh7+ Kg8 38. Rhc7 f4 39. Bf7+ Kg7 40. Bxe6+ Kf6 41. Bb3 Rf2 42. Rc6+ Kg5 43. Rxb6 f3 44. Ra5+ Kg4 45. Rxh6 Rh2 46. Rg6+ Kf4 47. Rf6+ Ke3 48. Re5+ Kd4 49. Ref5 Re8 50. Rxf3 Re1 51. R6f4+ Kc5 52. Rc4+ Kb6 53. Rf6+ Kb7 54. Rg4 1-0


[Site "https://www.chess.com"]

[Event "Titled Tuesday Blitz February 21 Early 2023"]
[White "Kramnik, Vladimir"]
[Black "Padmini, Rout"]
[WhiteFideId "4101588"]
[BlackFideId "5029295"]
[WhiteElo "2753"]
[BlackElo "2375"]
[Result "1-0"]
[Round "06"]
[TimeControl "180+2"]
[Date "2023.02.21"]
[WhiteClock "0:01:34"]
[BlackClock "0:00:01"]

1. c4 Nf6 2. Nc3 e5 3. Nf3 Nc6 4. d3 d5 5. cxd5 Nxd5 6. e3 Be7 7. Be2 O-O 8. O-O Be6 9. a3 a5 10. Bd2 Nb6 11. Rc1 a4 12. Ne4 Bb3 13. Qe1 f6 14. Bc3 Nd7 15. Bd1 Bf7 16. Bc2 Nb6 17. Qd1 Qd7 18. d4 exd4 19. Nxd4 Na5 20. Qf3 Nd5 21. Nf5 Nxc3 22. Qg4 Ne2+ 23. Kh1 Bg6 24. Nh6+ gxh6 25. Qxd7 Nxc1 26. Qxe7 Ncb3 27. Nxf6+ Rxf6 28. Bxb3+ Nxb3 29. Qxf6 Rf8 30. Qc3 Rf7 31. Rd1 1-0


[Site "https://www.chess.com"]

[Event "Titled Tuesday Blitz February 21 Early 2023"]
[White "Ilkhomi, Jaloliddin"]
[Black "Anuj, Shrivatri"]
[WhiteFideId "14700948"]
[BlackFideId "35070924"]
[WhiteElo "1997"]
[BlackElo "2407"]
[Result "1/2-1/2"]
[Round "06"]
[TimeControl "180+2"]
[Date "2023.02.21"]
[WhiteClock "0:00:08"]
[BlackClock "0:01:09"]

1. d4 Nf6 2. Nf3 d5 3. Bf4 Bf5 4. e3 e6 5. Bd3 Ne4 6. Nbd2 Nd7 7. Ne5 Nxe5 8. Bxe5 f6 9. Bg3 Bb4 10. Bxe4 Bxe4 11. c3 Bd6 12. Nxe4 dxe4 13. Qg4 Kf7 14. Qxe4 c6 15. Bxd6 Qxd6 16. O-O h6 17. f4 h5 18. Rae1 h4 19. h3 Rae8 20. Qf3 a5 21. e4 Qd7 22. Rd1 a4 23. c4 Rd8 24. d5 exd5 25. cxd5 Qe7 26. Kh1 cxd5 27. exd5 Rhe8 28. Qh5+ Kg8 29. Qxh4 Qe2 30. Qf2 Qc4 31. Qd4 Qxa2 32. d6 Qb3 33. Rd3 Qb5 34. Rfd1 Re2 35. R3d2 Rxd2 36. Rxd2 Kf7 37. Qe4 Re8 38. Qf3 Rd8 39. Qc3 Qf1+ 40. Kh2 Qxf4+ 41. Kh1 Kg8 42. d7 Qf1+ 43. Kh2 Qf4+ 44. Kh1 Qg5 45. Rd1 f5 46. Qc4+ Kh7 47. Qxa4 Qh5 48. Qd4 b5 49. b4 Qe2 50. Qd3 Qxd3 51. Rxd3 Kg6 52. Rd5 Kf6 53. Kh2 Ke6 54. Rxb5 Rxd7 55. Rb6+ Ke5 56. Kg3 g5 57. Rb8 Rd3+ 58. Kf2 Kf4 59. Rc8 Rd2+ 60. Kg1 Rd4 61. b5 Rb4 62. Rc5 Kg3 63. Rxf5 Rb1+ 64. Rf1 Rxb5 65. Rf3+ Kh4 66. Rc3 Re5 67. Kh2 Re2 68. Rc4+ Kh5 69. Rc3 Rd2 70. Kg3 Rb2 71. Ra3 Rc2 72. Ra8 Rc3+ 73. Kh2 Kg6 74. Rg8+ Kh6 75. Kg1 Rc2 76. Rf8 Rc1+ 77. Rf1 Rc3 78. Ra1 Rc2 79. Re1 Rb2 80. Re3 Rb1+ 81. Kh2 Rb6 82. Kg3 Rf6 83. Rf3 Rb6 84. Rc3 Kg6 85. Kf3 Kh5 86. g3 Rf6+ 87. Kg2 Ra6 88. Rb3 Rc6 89. Kf3 Rf6+ 90. Ke4 Re6+ 91. Kf5 Rc6 92. Rb5 Kh6 93. Rb4 Rc5+ 94. Kg4 Rc6 95. Re4 Rf6 96. Rd4 Ra6 97. Kf5 Ra5+ 98. Kg4 Ra6 99. Rb4 Rc6 100. Rd4 Rb6 101. h4 gxh4 102. Kxh4 Rg6 103. Rd8 Ra6 104. Rh8+ Kg7 105. Rb8 Ra4+ 106. g4 Ra5 107. Rb6 Rc5 108. Rb7+ Kg6 109. Rb6+ Kg7 110. Rb3 Kg6 111. Rb6+ Kg7 1/2-1/2


[Site "https://www.chess.com"]

[Event "Titled Tuesday Blitz February 21 Early 2023"]
[White "Toncheva, Nadya"]
[Black "Kamsky, Gata"]
[WhiteFideId "2924056"]
[BlackFideId "2000024"]
[WhiteElo "2295"]
[BlackElo "2665"]
[Result "0-1"]
[Round "06"]
[TimeControl "180+2"]
[Date "2023.02.21"]
[WhiteClock "0:00:22"]
[BlackClock "0:00:52"]

1. e4 e5 2. Nf3 Nc6 3. Bb5 Nf6 4. O-O Nxe4 5. Re1 Nd6 6. Nxe5 Be7 7. Nxc6 dxc6 8. Bf1 Nf5 9. c3 c5 10. Na3 O-O 11. Nc2 Bf6 12. d3 a5 13. Bf4 a4 14. Qf3 Ra6 15. d4 Nh4 16. Qg3 Nf5 17. Qf3 Rb6 18. dxc5 Rxb2 19. Rad1 Bd7 20. Nb4 Qc8 21. Bc1 Rb1 22. Qd3 Rxc1 23. Rxc1 c6 24. Rcd1 Be6 25. Qc2 a3 26. Bd3 g6 27. Be4 Qc7 28. Nd3 Ra8 29. Nc1 Qa5 30. Nb3 Qxc3 31. Qxc3 Bxc3 32. Re2 Bxb3 33. Rc1 Bb2 0-1


[Site "https://www.chess.com"]

[Event "Titled Tuesday Blitz February 21 Early 2023"]
[White "Yuan, Qingyu"]
[Black "Pinheiro, Iung Alicio de O."]
[WhiteFideId "8609772"]
[BlackFideId "2104350"]
[WhiteElo "2373"]
[BlackElo "2306"]
[Result "1-0"]
[Round "06"]
[TimeControl "180+2"]
[Date "2023.02.21"]
[WhiteClock "0:00:04"]
[BlackClock "0:00:02"]

1. e4 c5 2. Nf3 Nc6 3. Bb5 e5 4. O-O Bd6 5. d3 a6 6. Bc4 b5 7. Bb3 h6 8. a4 Rb8 9. axb5 axb5 10. Nc3 Nf6 11. Be3 Nd4 12. Bxd4 cxd4 13. Ne2 O-O 14. Ng3 Re8 15. Nf5 Bf8 16. Qd2 d5 17. Ra7 Bb7 18. exd5 Bxd5 19. Bxd5 Qxd5 20. Ng3 b4 21. Rfa1 Rbc8 22. b3 Red8 23. Qd1 Bc5 24. R7a5 Re8 25. Nd2 Qc6 26. Ra6 Bb6 27. Nc4 Rb8 28. Nf5 Re6 29. h3 e4 30. dxe4 Nxe4 31. Nxd4 Bxd4 32. Rxc6 Bxf2+ 33. Kh1 Rxc6 34. Qf3 Re6 35. g4 Bc5 36. Kg2 Rbe8 37. Re1 Ng5 38. Rxe6 Rxe6 39. Qa8+ Kh7 40. Qd5 Re2+ 41. Kf1 Rf2+ 42. Ke1 Nf3+ 43. Kd1 Rf1+ 44. Ke2 Rf2+ 45. Kd1 Rf1+ 46. Ke2 Rf2+ 47. Kd3 Ne1+ 48. Ke4 Re2+ 49. Kf4 Ng2+ 50. Kg3 Bg1 51. Qd3+ 1-0


[Site "https://www.chess.com"]

[Event "Titled Tuesday Blitz February 21 Early 2023"]
[White "Ingebretsen, Jens E"]
[Black "Harsh Suresh"]
[WhiteFideId "1522965"]
[BlackFideId "45018464"]
[WhiteElo "2342"]
[BlackElo "2298"]
[Result "1/2-1/2"]
[Round "06"]
[TimeControl "180+2"]
[Date "2023.02.21"]
[WhiteClock "0:01:25"]
[BlackClock "0:00:02"]

1. d4 Nf6 2. c4 e6 3. Nf3 b6 4. g3 Ba6 5. b3 Bb4+ 6. Bd2 Be7 7. Bg2 d5 8. O-O Bb7 9. Ne5 O-O 10. Nc3 Nbd7 11. Bf4 c6 12. e4 dxe4 13. Nxe4 Nxe4 14. Bxe4 Nxe5 15. Bxe5 Bf6 16. Qf3 Bxe5 17. dxe5 Qc7 18. Qh5 g6 19. Qg5 Qd8 20. Qf4 Qe7 21. Rfd1 c5 22. Rd6 Bxe4 23. Qxe4 Rac8 24. Rad1 Rc7 25. h4 h5 26. f4 Kg7 27. Kf2 Rb8 28. a4 a6 29. Rc6 b5 30. axb5 axb5 31. Rdd6 bxc4 32. Qxc4 Rxc6 33. Rxc6 Qa7 34. Qxc5 Qa2+ 35. Qc2 Qa3 36. Rc3 Rd8 37. Rd3 Qa7+ 38. Kg2 Qb7+ 39. Rf3 Qb4 40. Rf2 Rd4 41. Kh2 Qe1 42. Qe2 Qb1 43. Qb2 Qd1 44. Qc2 Qe1 45. Re2 Qf1 46. Rf2 Qe1 1/2-1/2


[Site "https://www.chess.com"]

[Event "Titled Tuesday Blitz February 21 Early 2023"]
[White "Hristodoulou, Panagiotis"]
[Black "Real_OceanStorm"]
[WhiteFideId "4214340"]
[WhiteElo "2372"]
[BlackElo "2781"]
[Result "1/2-1/2"]
[Round "06"]
[TimeControl "180+2"]
[Date "2023.02.21"]
[WhiteClock "0:00:05"]
[BlackClock "0:00:42"]

1. e4 e5 2. Nf3 Nc6 3. Bc4 Nf6 4. d3 Na5 5. Nxe5 Nxc4 6. Nxc4 d5 7. exd5 Qe7+ 8. Qe2 Nxd5 9. Qxe7+ Bxe7 10. Bd2 Be6 11. Nc3 c6 12. Nxd5 Bxd5 13. Ne3 Be6 14. Bc3 O-O 15. O-O b5 16. b3 a5 17. a4 b4 18. Bb2 f6 19. Rae1 Rfe8 20. Re2 Bc5 21. Rfe1 Kf7 22. Kf1 Rad8 23. f3 h5 24. Nc4 Bxc4 25. bxc4 Rxe2 26. Rxe2 Bd6 27. g3 Bc5 28. Re4 g6 29. Ke2 Bg1 30. h3 Bh2 31. g4 hxg4 32. hxg4 Bd6 33. g5 fxg5 34. c5 Bxc5 35. Rc4 Rd5 36. d4 Bd6 37. Rxc6 Bf4 38. Kd3 Rf5 39. c4 Bg3 40. Ke3 g4 41. fxg4 Rf2 42. Bc1 Rc2 43. Bd2 Ra2 44. Kd3 Ra3+ 45. Ke4 Rxa4 46. d5 Ra2 47. Be3 a4 48. Rb6 b3 49. c5 Bf2 50. Bxf2 Rxf2 51. Kd3 g5 52. Kc3 Rc2+ 53. Kb4 b2 54. Kxa4 Rxc5 55. Rxb2 Rxd5 56. Rb4 Rd2 57. Kb3 Rg2 58. Kc3 Ke7 59. Kd3 Rg3+ 60. Ke2 Ra3 61. Kf2 Kf7 62. Rb5 Kg6 63. Rb6+ Kh7 1/2-1/2


[Site "https://www.chess.com"]

[Event "Titled Tuesday Blitz February 21 Early 2023"]
[White "Parpiev, Isaak"]
[Black "Fier, Alexandr"]
[WhiteFideId "34281576"]
[BlackFideId "2107139"]
[WhiteElo "2167"]
[BlackElo "2589"]
[Result "0-1"]
[Round "06"]
[TimeControl "180+2"]
[Date "2023.02.21"]
[WhiteClock "0:00:58"]
[BlackClock "0:02:29"]

1. d4 Nf6 2. c4 c5 3. d5 e6 4. Nc3 exd5 5. cxd5 d6 6. e4 g6 7. Bb5+ Nbd7 8. a4 a6 9. Be2 Bg7 10. Nf3 O-O 11. O-O Re8 12. Nd2 Ne5 13. h3 g5 14. Qc2 g4 15. h4 Nh5 16. g3 Ng6 17. Nc4 Nxh4 18. gxh4 Qxh4 19. Qd3 Bd4 20. Kg2 f5 21. Nxd6 f4 22. Nxe8 f3+ 23. Bxf3 Qh3+ 24. Kg1 g3 25. Nf6+ Kh8 26. Re1 gxf2# 0-1


[Site "https://www.chess.com"]

[Event "Titled Tuesday Blitz February 21 Early 2023"]
[White "Halkias, Stelios"]
[Black "Kubicka, Anna"]
[WhiteFideId "4201809"]
[BlackFideId "1152254"]
[WhiteElo "2511"]
[BlackElo "2240"]
[Result "1-0"]
[Round "06"]
[TimeControl "180+2"]
[Date "2023.02.21"]
[WhiteClock "0:02:02"]
[BlackClock "0:00:29"]

1. c4 e5 2. Nc3 Nc6 3. Nf3 g6 4. e3 Bg7 5. d4 d6 6. Be2 f5 7. O-O e4 8. Nd2 Nf6 9. b4 O-O 10. b5 Ne7 11. a4 a6 12. Bb2 c6 13. Qb3 axb5 14. axb5 Rxa1 15. Rxa1 d5 16. bxc6 bxc6 17. Ra7 Re8 18. Ba3 Bf8 19. h3 Be6 20. cxd5 Bxd5 21. Nxd5 cxd5 22. Bb5 Qb8 23. Qa4 Rc8 24. Bxe7 Rc1+ 25. Nf1 1-0


[Site "https://www.chess.com"]

[Event "Titled Tuesday Blitz February 21 Early 2023"]
[White "Bews, Steven"]
[Black "Zahid, Sanatan"]
[WhiteFideId "2400529"]
[BlackFideId "10201963"]
[WhiteElo "2295"]
[BlackElo "1930"]
[Result "1-0"]
[Round "06"]
[TimeControl "180+2"]
[Date "2023.02.21"]
[WhiteClock "0:02:08"]
[BlackClock "0:00:51"]

1. e4 e6 2. d4 d5 3. Nd2 Nf6 4. e5 Nfd7 5. Bd3 c5 6. c3 Nc6 7. Ne2 cxd4 8. cxd4 f6 9. exf6 Nxf6 10. Nf3 Bd6 11. O-O O-O 12. Bf4 Be5 13. dxe5 Ne4 14. Bg3 Nxg3 15. hxg3 Bd7 16. Ned4 Nb4 17. a3 Nxd3 18. Qxd3 Qe7 19. Rac1 Rac8 20. Qd2 b6 21. Qb4 Qxb4 22. axb4 a5 23. b5 h6 24. Nc6 Ra8 25. Nfd4 Rfe8 26. f4 g6 27. Kf2 a4 28. Ra1 Rf8 29. Ra3 g5 30. Ke3 Kh7 31. Rfa1 Rf7 32. Rxa4 Rg8 33. Nf3 gxf4+ 34. Rxf4 Rfg7 35. Rh1 Rxg3 36. Rf7+ R8g7 37. Rxg7+ Kxg7 38. Kf2 Rg4 39. Ncd4 Kf8 40. Rxh6 Kg7 41. Rh1 Kg8 42. Rc1 Kf7 43. Rc7 Ke7 44. Rb7 1-0


[Site "https://www.chess.com"]